 Dungeon Crawl Stone Soup version 0.14-a0-226-gcf818b1 (webtiles) character file.

3472 Malachi the Ducker (level 9, -6/127 HPs)
             Began as a Troll Berserker on Oct 10, 2013.
             Was a Priest of Trog.
             Mangled by a crocodile (14 damage)
             ... on Level 7 of the Dungeon.
             The game lasted 00:11:57 (5389 turns).

Malachi the Ducker (Troll Berserker)                Turns: 5389, Time: 00:11:57

HP  -6/127       AC  5     Str 35      XL: 9   Next: 57%
MP   4/4         EV  9     Int  3      God: Trog [***...]
Gold 407         SH 35     Dex  9      Spells:  0 memorised,  8 levels left

Res.Fire  : . . .   See Invis. : +   a - +1,+0 mace (curse)
Res.Cold  : . . .   Warding    : .   b - +0 animal skin
Life Prot.: . . .   Conserve   : .   f - +0 elf large shield
Res.Poison: +       Res.Corr.  : .   (helmet restricted)
Res.Elec. : .       Clarity    : .   (no cloak)
Sust.Abil.: . .     Spirit.Shd : .   (gloves unavailable)
Res.Mut.  : .       Stasis     : .   (boots unavailable)
Res.Rott. : .       Flight     : .   (no amulet)
Gourmand  : +                        v - cursed ring of see invisible
                                     n - ring of poison resistance

@: invisible, berserking, very slightly contaminated, very quick, slightly
resistant to hostile enchantments, extremely unstealthy
A: unfitting armour, claws 3, fast metabolism 3, gourmand, regeneration 2,
saprovore 2, tough skin 2, AC +1
a: Burn Spellbooks, Berserk, Trog's Hand, Renounce Religion


You were on level 7 of the Dungeon.
You worshipped Trog.
Trog was most pleased with you.
You were very full.

You visited 1 branch of the dungeon, and saw 7 of its levels.

You collected 387 gold pieces.

Inventory:

Hand weapons
 a - a cursed +1,+0 mace (weapon)
Armour
 b - a +0 animal skin (worn)
 f - a +0 elven large shield (worn)
Magical devices
 o - a wand of slowing (7)
 p - a wand of polymorph (17)
 w - a wand of teleportation (7) {unknown}
 z - a wand of teleportation (1) {unknown}
Comestibles
 c - 7 meat rations
 q - a bread ration
 x - 2 chokos
 A - a pear
 C - 2 rotting chunks of gnoll flesh
 D - a chunk of iguana flesh
 E - a chunk of giant frog flesh
Scrolls
 d - 5 scrolls of identify
 e - a scroll of recharging {unknown}
 g - a scroll of noise
 i - 4 scrolls of curse jewellery
 k - a scroll of fear
 l - 2 scrolls of amnesia
 m - 4 scrolls of remove curse
 s - a scroll of teleportation
 y - a scroll of curse armour {unknown}
Jewellery
 n - a ring of poison resistance (left claw)
 t - a +2 ring of protection {unknown}
 v - a cursed ring of see invisible (right claw)
Potions
 r - a potion of magic {unknown}
 u - a potion of restore abilities
 B - a potion of berserk rage


   Skills:
 + Level 4.3 Fighting
 + Level 6.4 Maces & Flails
 + Level 7.7 Dodging
 + Level 1.0 Stealth
 + Level 5.2 Shields
 + Level 0.8 Evocations


You had 8 spell levels left.
You didn't know any spells.

Dungeon Overview and Level Annotations

Branches:
Dungeon (7/27)             Temple (0/1) D:6
    Orc: D:6-11

Altars:
Cheibriados
Trog
Zin

Shops:
D:7 +


Innate Abilities, Weirdness & Mutations

You are too large for most types of armour.
You have claws for hands.
Your metabolism is lightning-fast.
You like to eat raw meat.
You heal very quickly.
You can eat rotten meat.
You are covered in fur (AC +1).
You have very tough skin (AC +2).


Message History

You block the crocodile's attack.
You barely miss the crocodile.
The crocodile is moderately wounded.
The killer bee zombie closely misses you.
You completely miss the crocodile.
The crocodile is moderately wounded.
You block the crocodile's attack.
The killer bee zombie hits you but does no damage.
You strike the helpless crocodile from behind!
You hit the crocodile but do no damage.
The crocodile is moderately wounded.
You block the killer bee zombie's attack.
The crocodile bites you but does no damage.
You barely miss the crocodile.
The crocodile is moderately wounded.
You block the killer bee zombie's attack.
You thump the crocodile!
The crocodile is severely wounded.
The crocodile bites you!
You die...

###.#.....♣.##.....
#.......
#.#......♣##(...(.%
#.......
#.#....._♣##........
+.......
#........♣##.........
#.......
###.....♣♣#+..........
+.......
##.....###.......%..
#....... #.....#
#.......... #####+#
##...####.z.........
##.......t@........
#######...........
###########


You could see a crocodile and a killer bee zombie.

Vanquished Creatures
  The ghost of Malachi the Grappler, an experienced TrWz (D:6)
  Pikel (D:5)
  Edmund (D:5)
  Menkaure (D:7)
  A sky beast (D:6)
  2 slaves (D:5)
  2 phantoms
  2 giant frogs
  A yak zombie (D:7)
  8 wights (D:6)
  3 crimson imps
  A goliath beetle (D:5)
  A centaur skeleton (D:4)
  5 hounds
  2 orc priests (D:6)
  A giant frog skeleton (D:6)
  3 scorpions
  4 worker ants
  A gnoll shaman (D:7)
  5 orc wizards
  4 iguanas
  2 hound skeletons (D:6)
  A worker ant zombie (D:5)
  7 gnolls
  4 adders
  A giant mite (D:4)
  A worm (D:2)
  A scorpion zombie (D:5)
  An iguana zombie (D:5)
  2 giant geckos
  11 orcs
  4 giant cockroaches
  9 goblins
  9 hobgoblins
  8 kobolds
  2 quokkas
  2 ball pythons
  10 bats
  3 giant newts
  A hobgoblin skeleton (D:5)
  A jackal zombie (D:6)
  A quokka zombie (D:7)
  7 rats
  A rat skeleton (D:6)
139 creatures vanquished.

Vanquished Creatures (others)
  A hound (D:5)
  An orc (D:5)
2 creatures vanquished.

Grand Total: 141 creatures vanquished

Notes
Turn   | Place    | Note
--------------------------------------------------------------
     0 | D:1      | Malachi, the Troll Berserker, began the quest for the Orb.
     0 | D:1      | Reached XP level 1. HP: 23/23 MP: 0/0
   237 | D:1      | Reached XP level 2. HP: 21/31 MP: 0/0
   439 | D:1      | Reached skill level 3 in Dodging
   775 | D:2      | Acquired Trog's second power
   775 | D:2      | Reached XP level 3. HP: 28/39 MP: 1/1
  2144 | D:4      | Reached XP level 4. HP: 27/46 MP: 1/1
  2255 | D:4      | Reached XP level 5. HP: 21/53 MP: 1/1
  2399 | D:4      | Noticed a phantom
  2422 | D:4      | Killed a phantom
  2422 | D:4      | Reached skill level 4 in Maces & Flails
  2442 | D:4      | Reached XP level 6. HP: 47/62 MP: 2/2
  2978 | D:5      | Entered Level 5 of the Dungeon
  2985 | D:5      | Found a snail-covered altar of Cheibriados.
  3078 | D:5      | Reached skill level 5 in Dodging
  3260 | D:5      | Noticed Edmund
  3269 | D:5      | Killed Edmund
  3269 | D:5      | Reached XP level 7. HP: 70/70 MP: 3/3
  3324 | D:5      | Noticed Pikel
  3376 | D:5      | Killed Pikel
  3376 | D:5      | Reached skill level 5 in Maces & Flails
  3376 | D:5      | Reached skill level 6 in Dodging
  3376 | D:5      | Reached XP level 8. HP: 36/78 MP: 3/3
  4008 | D:6      | Noticed Malachi's ghost (experienced TrWz)
  4024 | D:6      | Killed Malachi's ghost
  4181 | D:6      | Reached skill level 7 in Dodging
  4181 | D:6      | Reached XP level 9. HP: 78/85 MP: 4/4
  4191 | D:6      | Reached skill level 1 in Stealth
  4709 | D:6      | Found a bloodstained altar of Trog.
  4874 | D:6      | Found a staircase to the Ecumenical Temple.
  4960 | D:7      | Noticed Menkaure
  4971 | D:7      | Killed Menkaure
  5122 | D:7      | Reached skill level 5 in Shields
  5179 | D:7      | Found Kachaabi's Book Shoppe.
  5287 | D:7      | Found a glowing silver altar of Zin.
  5382 | D:7      | HP: 3/85 [killer bee zombie (4)]
  5389 | D:7      | Mangled by a crocodile

Action                   |  1- 3 |  4- 6 |  7- 9 || total
-------------------------+-------+-------+-------++-------
Melee: Mace              |   123 |   161 |   405 ||   689
Invok: Berserk           |       |     3 |     4 ||     7
       Trog's Hand       |       |     1 |       ||     1
Evoke: Wand              |       |     4 |       ||     4
  Use: Scroll            |     2 |    12 |       ||    14
       Potion            |       |       |     4 ||     4
 Stab: Invisible         |       |       |     1 ||     1
       Sleeping          |       |       |     1 ||     1
